 Dungeon Crawl Stone Soup version 0.20.0-8-g6b59dc7 (webtiles) character file.

66 McKennaii the Skirmisher (level 3, -2/30 HPs)
             Began as a Demonspawn Abyssal Knight on May 30, 2017.
             Was a Follower of Lugonu.
             Slain by an adder (4 damage)
             ... on level 2 of the Dungeon.
             The game lasted 00:02:46 (1328 turns).

McKennaii the Skirmisher (DsAK)                     Turns: 1328, Time: 00:02:47

Health: -2/30      AC:  4    Str: 12      XL:     3   Next: 96%
Magic:  5/5        EV: 11    Int: 13      God:    Lugonu [*.....]
Gold:   116        SH:  0    Dex: 11 (13) Spells: 2/2 levels left

rFire    . . .     SeeInvis .   a - +1 falchion
rCold    + . .     Gourm    .   (no shield)
rNeg     . . .     Faith    .   b - +0 leather armour
rPois    .         Spirit   .   (no helmet)
rElec    .         Reflect  .   (no cloak)
rCorr    .         Harm     .   (no gloves)
MR       .....                  j - +0 pair of boots
Stlth    +.........             (no amulet)
Regen    0.1/turn               (no ring)
MPRegen  0.1/turn               (no ring)

@: lethally poisoned (-2 -> -11)
A: cold resistance 1, sturdy frame 1
a: Depart the Abyss, Renounce Religion


You were on level 2 of the Dungeon.
You worshipped Lugonu.
Lugonu was aware of your devotion.
You were very hungry.

You visited 1 branch of the dungeon, and saw 2 of its levels.
You visited the Abyss 1 time.

You collected 116 gold pieces.

Inventory:

Hand Weapons
 a - a +1 falchion (weapon)
Armour
 b - a +0 leather armour (worn)
 j - a +0 pair of boots (worn)
Scrolls
 e - a scroll of identify {unknown}
 i - a scroll of remove curse {unknown}
 k - a scroll of fog {unknown}
Potions
 d - a potion of curing {unknown}
 g - a potion of mutation {unknown}
 l - a potion of haste {unknown}
Comestibles
 c - a bread ration
 f - 4 fruits
 h - 2 meat rations


   Skills:
 + Level 3.9 Fighting
 + Level 2.4 Long Blades
 + Level 2.1 Armour
 + Level 1.1 Dodging
 + Level 3.0 Invocations


You had 2 spell levels left.
You didn't know any spells.

Dungeon Overview and Level Annotations

Branches:
Dungeon (2/15)

Altars:


Innate Abilities, Weirdness & Mutations

Your flesh is cold resistant. (rC+)
Your movements are slightly less encumbered by armour. (ER -2)


Message History

The adder poisons you! The adder closely misses you.
You closely miss the adder.
You feel sick. The adder bites you.
* * * LOW HITPOINT WARNING * * *
You are lethally poisoned!
The adder poisons you!
You hit the adder but do no damage.
* * * LOW HITPOINT WARNING * * *
You feel sick. The adder bites you but does no damage.
The adder barely misses you.
You hit the adder.
The adder is lightly wounded.
The adder bites you.
* * * LOW HITPOINT WARNING * * *
You are more poisoned.
The adder poisons you!
You barely miss the adder.
The adder is lightly wounded.
* * * LOW HITPOINT WARNING * * *
You feel sick. The adder barely misses you. The adder bites you.
You die...

#.##$# . #.##.# ##
##.##(#
###...#.#######
####<.............
#.........#.##.##.
#.###....##.#
####.##.# #.##@#
#.#.S# #.#.## #.#.
#... ##.. ... .#..


You could see an adder.

Vanquished Creatures
  A quasit (Abyss:1)
  2 worms (D:2)
  A dart slug (D:1)
  A leopard gecko (D:1)
  A ball python (D:2)
  3 giant cockroaches (D:1)
  A goblin (D:1)
  5 hobgoblins
  5 kobolds
  A bat (D:1)
  2 frilled lizards (D:1)
  A rat (D:2)
24 creatures vanquished.

Notes
Turn   | Place    | Note
-------+----------+-------------------------------------------
     0 | Abyss:1  | McKennaii the Demonspawn Abyssal Knight began the quest for the Orb.
     0 | Abyss:1  | Reached XP level 1. HP: 18/18 MP: 2/2
    11 | Abyss:1  | Noticed a quasit
    19 | Abyss:1  | Killed a quasit
    19 | Abyss:1  | Reached skill level 1 in Dodging
    19 | Abyss:1  | Gained mutation: Your movements are slightly less encumbered by armour. (ER -2) [demonic ancestry]
    19 | Abyss:1  | Reached XP level 2. HP: 14/25 MP: 4/4
    19 | Abyss:1  | Gained mutation: Your flesh is cold resistant. (rC+) [demonic ancestry]
    19 | Abyss:1  | Reached XP level 3. HP: 16/30 MP: 5/5
   145 | Abyss:3  | Noticed a large abomination
   151 | Abyss:3  | Noticed a spatial maelstrom
   151 | Abyss:3  | Noticed a spatial vortex
   153 | Abyss:3  | Noticed a spatial vortex
   153 | D:1      | Escaped the Abyss
   451 | D:1      | Reached * piety under Lugonu
  1328 | D:2      | Slain by an adder

Skill      XL: |  1  2  3 |
---------------+----------+-----
Long Blades    | 2 |  2.4
Dodging        | 1 |  1.1
Invocations    | 3 |  3.0
Armour         | 2 |  2.1
Fighting       | |  3.9

Action                   || total
-------------------------++-------
Melee: Falchion          ||    83
Invok: Depart the Abyss  ||     1
Armor: Leather armour    ||    27
Dodge: Dodged            ||    59
       Rpst.: Falchion   ||    20
